 Dungeon Crawl Stone Soup version 0.14-a0-2564-g94087c3 (webtiles) character file.

458 ReteAZ the Cudgeler (level 6, -2/55 HPs)
             Began as a Troll Warper on Feb 11, 2014.
             Was a Priest of Cheibriados.
             Slain by an orc
             ... wielding a +0,+0 orcish war axe
              (9 damage)
             ... on Level 4 of the Dungeon.
             The game lasted 00:17:46 (3551 turns).

ReteAZ the Cudgeler (Troll Warper)                  Turns: 3551, Time: 00:17:46

HP  -2/55        AC  5     Str 29      XL: 6   Next: 39%
MP   5/5         EV 10     Int 17      God: Cheibriados [***...]
Gold 95          SH  0     Dex 18      Spells:  2 memorised,  4 levels left

rFire  . . .     SeeInvis .     d - -1,+1 orc flail
rCold  . . .     Clarity  .     b - +0 robe
rNeg   . . .     Conserve .     (shield restricted)
rPois  .         rCorr    .     (helmet restricted)
rElec  .         rRot     .     (no cloak)
SustAb . .       Spirit   .     (gloves unavailable)
rMut   .         Warding  .     (boots unavailable)
Gourm  +         Stasis   .     (no amulet)
MR     .....                    (no ring)
                                (no ring)

@: very slow, not resistant to hostile enchantments, fairly stealthy
A: unfitting armour, claws 3, fast metabolism 3, gourmand, regeneration 2,
saprovore 2, shaggy fur 1, tough skin 2
a: Bend Time, Temporal Distortion, Renounce Religion


You were on level 4 of the Dungeon.
You worshipped Cheibriados.
Cheibriados was most pleased with you.
You were completely stuffed.

You visited 1 branch of the dungeon, and saw 4 of its levels.

You collected 95 gold pieces.

Inventory:

Hand weapons
 d - a -1,+1 orcish flail (weapon)
Missiles
 e - 15 darts
 f - 10 darts of dispersal
 l - 5 tomahawks (quivered)
Armour
 b - a +0 robe (worn)
Comestibles
 g - 4 meat rations
 i - a pear
 k - 4 rotting chunks of orc flesh
 n - a choko
 p - 4 chunks of orc flesh
 q - 3 bread rations
Scrolls
 h - a scroll of magic mapping
 j - 6 scrolls of identify
 m - a scroll of blinking
 o - 5 scrolls of remove curse
 t - 2 scrolls of fear
 u - a scroll of enchant armour {unknown}
Potions
 a - a potion of brilliance
 r - a potion of lignification
 s - a potion of cure mutation
 w - a potion of flight
Books
 c - a book of Spatial Translocations

   Spells                             Type                      Level
   *Apportation                       Translocation                1
   *Blink                             Translocation                2
   Shroud of Golubria                 Charms/Translocation         2
   Portal Projectile                  Translocation                3
   Teleport Other                     Translocation                3
   Passage of Golubria                Translocation                4


   Skills:
 - Level 1.5 Fighting
 + Level 6.0 Maces & Flails
 - Level 0.8 Throwing
 - Level 1.9 Dodging
 + Level 0.9 Stealth
 - Level 1.2 Spellcasting
 - Level 2.1 Translocations


You had 4 spell levels left.
You knew the following spells:

 Your Spells              Type           Power        Failure   Level  Hunger
a - Apportation           Tloc           #.........   10%         1    ##.....
b - Blink                 Tloc           N/A          14%         2    ###....


Dungeon Overview and Level Annotations

Branches:
Dungeon (4/16)             Temple (0/1) D:4

Altars:
Ashenzari
Cheibriados
Okawaru
Sif Muna

Shops:
D:4 :

Annotations:
D:2 Grinder


Innate Abilities, Weirdness & Mutations

You are too large for most types of armour.
You have claws for hands.
Your metabolism is lightning-fast.
You like to eat raw meat.
You heal very quickly.
You can eat rotten meat.
You are covered in fur (AC +1).
You have very tough skin (AC +2).


Message History

The orc is moderately wounded.
The orc priest invokes the aid of Beogh against you.
Something smites you! The orc hits you with an orcish flail.
You thump the orc!
You kill the orc!
Cheibriados thoroughly appreciates the change of pace.
Cheibriados raises the support of your attributes as your movement slows.
The orc priest calls down the wrath of Beogh upon you.
Something smites you!
* * * LOW HITPOINT WARNING * * *
You sock the orc!
The orc is almost dead.
The orc hits you with an orcish war axe.
* * * LOW HITPOINT WARNING * * *
Drink which item? (? for menu, Esc to quit)
Okay, then.
You closely miss the orc.
The orc is almost dead.
The orc hits you with an orcish war axe!
You die...

###.ยงยง..# *#.,,
#.....# ***, ###.###
********+ #.# *
,,,,,,, #.# *,,,,.,,
#.## *,,,,z... #..#
*,,,,.... ##.#
*,,,,?... #@#*
*,,,,.... #o.#
*,,,,.... ##.#
*,,,,..., *o#
**###'#** *.#* #...#
*..,* ##'#####
*##,** #....... *,,*
#.......
*******,****#.......


You could see an orc priest and an orc.

Vanquished Creatures
  An orc priest (D:3)
  A giant frog skeleton (D:4)
  4 orc wizards
  2 gnolls (D:2)
  6 adders
  A worm (D:2)
  A giant mite (D:3)
  An orc skeleton (D:4)
  A giant gecko (D:3)
  21 orcs
  12 bats
  5 giant cockroaches
  10 goblins
  8 hobgoblins
  5 jackals
  2 ball pythons
  4 giant newts
  5 kobolds
  A quokka (D:2)
  9 rats
100 creatures vanquished.

Notes
Turn   | Place    | Note
--------------------------------------------------------------
     0 | D:1      | ReteAZ, the Troll Warper, began the quest for the Orb.
     0 | D:1      | Reached XP level 1. HP: 19/19 MP: 2/2
   196 | D:1      | Reached XP level 2. HP: 27/27 MP: 2/2
   524 | D:1      | Reached skill level 3 in Maces & Flails
   808 | D:2      | Found a snail-covered altar of Cheibriados.
   815 | D:2      | Reached XP level 3. HP: 22/33 MP: 3/3
   819 | D:2      | Became a worshipper of Cheibriados the Contemplative
  1255 | D:2      | Found a deep blue altar of Sif Muna.
  1291 | D:2      | Found a shattered altar of Ashenzari.
  1352 | D:2      | Found an iron altar of Okawaru.
  1377 | D:2      | Reached XP level 4. HP: 17/41 MP: 4/4
  1380 | D:2      | Reached skill level 4 in Maces & Flails
  1688 | D:2      | HP: 2/41 [orc/orcish whip (6)]
  1922 | D:2      | Learned a level 2 spell: Blink
  2071 | D:3      | Reached XP level 5. HP: 17/48 MP: 4/4
  2202 | D:3      | Reached skill level 5 in Maces & Flails
  2474 | D:3      | HP: 2/48 [something (3)]
  2589 | D:3      | Noticed Grinder
  2589 | D:3      | Paralysed by Grinder for 5 turns
  2614 | D:4      | Found Apnaleas' Book Shoppe.
  2689 | D:4      | Reached XP level 6. HP: 46/55 MP: 5/5
  2824 | D:2      | Paralysed by Grinder for 6 turns
  2961 | D:3      | Acquired Cheibriados' first power
  3453 | D:4      | Found a staircase to the Ecumenical Temple.
  3476 | D:4      | Reached skill level 6 in Maces & Flails
  3551 | D:4      | Slain by an orc

Action                   |  1- 3 |  4- 6 || total
-------------------------+-------+-------++-------
Melee: Mace              |   133 |   190 ||   323
       Flail             |       |    52 ||    52
Throw: Dart              |     4 |     1 ||     5
       Tomahawk          |     6 |    23 ||    29
 Cast: Blink             |       |     2 ||     2
  Use: Potion            |       |     3 ||     3
       Scroll            |       |    10 ||    10
